 Dungeon Crawl Stone Soup version 0.28.0-45-g0d030f2227 (webtiles) character file.

Game seed: 11634060005880563852

233 infcreate the Sneak (level 5, -3/28 HPs)
             Began as a Vampire Enchanter on May 8, 2022.
             Engulfed by a cloud of steam (10 damage)
             ... on level 4 of the Dungeon.
             The game lasted 00:08:22 (4212 turns).

infcreate the Sneak (Vampire Enchanter)             Turns: 4212, Time: 00:08:23

Health: -3/28      AC:  3    Str:  7    XL:     5   Next: 74%
Magic:  3/9        EV: 13    Int: 17    God:
Gold:   147        SH:  0    Dex: 17    Spells: 2/10 levels left

rFire   . . .      SeeInvis +   n - +2 dagger (venom)
rCold   + + .      Faith    .   (no shield)
rNeg    + + +      Spirit   .   b - +0 robe
rPois   ∞          Reflect  .   (no helmet)
rElec   .          Harm     .   f - +0 cloak
rCorr   .          Rampage  .   (no gloves)
Will    .....                   (no boots)
Stlth   +++++.....              (no amulet)
HPRegen 0.09/turn               (no ring)
MPRegen 0.11/turn               (no ring)

@: bloodless
A: bloodless, fangs 3, see invisible, vampiric 2
a: Bat Form, Revivify


You were on level 4 of the Dungeon.
You visited 1 branch of the dungeon, and saw 5 of its levels.

You collected 147 gold pieces.


Innate Abilities, Weirdness & Mutations

You do not regenerate when monsters are visible.
You are frail without blood (-20% HP).
You can heal yourself when you bite living creatures.
You are immune to poison.
You have razor-sharp teeth.
You have supernaturally acute eyesight. (SInv)
You are afflicted with vampirism and can become a bat while bloodless.


   Skills:
 + Level 2.9 Short Blades
 + Level 3.5 Dodging
 + Level 5.9 Stealth
 + Level 3.0 Spellcasting
 + Level 5.8 Hexes


You had 2 spell levels left.
You knew the following spells:

 Your Spells              Type           Power      Damage    Failure   Level
c - Confusing Touch       Hex            22%        N/A       4%          3
d - Tukima's Dance        Hex            22%        N/A       4%          3
e - Ensorcelled Hibernat  Hex/Ice        24%        N/A       9%          2

Your spell library contained the following spells:

 Spells                   Type           Power      Damage    Failure   Level
 Sandblast                Erth           4%         2d4       17%         1
 Passwall                 Tmut/Erth      1%         N/A       26%         2
 Dazzling Flash           Conj/Hex       24%        N/A       16%         3
 Gell's Gravitas          Tloc           2%         N/A       45%         3
 Lesser Beckoning         Tloc           2%         N/A       45%         3
 Ozocubu's Armour         Ice            2%         N/A       45%         3
 Stone Arrow              Conj/Erth      4%         3d7       45%         3
 Teleport Other           Tloc           2%         N/A       45%         3
 Ozocubu's Refrigeration  Ice            1%         4d5       100%        7

Inventory:

Hand Weapons
 n - a +2 dagger of venom (weapon)
 q - a +1 vampiric short sword
Armour
 b - a +0 robe (worn)
 f - a +0 cloak (worn)
Magical Staves
 e - a staff of air {!a}
Jewellery
 L - a ring of flight
Scrolls
 a - a scroll of teleportation {@r2}
 d - a scroll of fear {unknown}
 h - a scroll of fog {unknown}
 i - a scroll of torment {unknown}
 k - a scroll of identify {unknown}
 l - a scroll of immolation
 o - a scroll of holy word {unknown}
 p - a scroll of blinking
Potions
 c - a potion of invisibility
 g - 3 potions of lignification {unknown}
 j - a potion of curing {unknown}
 m - a potion of berserk rage {unknown}
 s - a potion of haste {unknown}

Dungeon Overview and Level Annotations

Branches:
Dungeon (5/15)
 Temple: D:4-7

Altars:
Fedhas
Ru

Shops:
D:2

[
##.#.####.#
#.#
##.#.####.#
#.#
##.#......#
#.#
##.#####..#
#.# ##.##
#..# #.#
#...####..#
#.#
..........#
#.#
#....###.##
##§# ####.#
#.# #@§#
#.# #.#
#§## #.#
#.# #.# #.#
#.# #.# #.#
#.# #.# #.#
#.# ##.#
#.# #.#
#..#
#.###.#
#.##
#.[...# #.#


There were no monsters in sight!


Message History

The steam dragon resists with some effort.
The steam dragon closely misses you. The steam dragon barely misses you.
Unknown command.
Casting: Ensorcelled Hibernation (safe; 9% risk of failure)
Confirm with . or Enter, or press ? or * to list all spells.
Aiming: Ensorcelled Hibernation (safe; 9% risk of failure)
Press: ? - help, Shift-Dir - straight line, f/p - steam dragon
Aim: a steam dragon (severely wounded, chance to affect: 46%)
The steam dragon resists with some effort.
The steam dragon breathes steam at you. The ball of steam hits you!
Ouch! That really hurt!
* * * LOW HITPOINT WARNING * * *
Casting: Ensorcelled Hibernation (safe; 9% risk of failure)
Confirm with . or Enter, or press ? or * to list all spells.
Okay, then.
Casting: Ensorcelled Hibernation (safe; 9% risk of failure)
Confirm with . or Enter, or press ? or * to list all spells.
Aiming: Ensorcelled Hibernation (safe; 9% risk of failure)
Press: ? - help, Shift-Dir - straight line, f/p - steam dragon
Aim: a steam dragon (steam, severely wounded, catching its breath, chance to affect: 46%)
The steam dragon looks drowsy...
You are engulfed in a cloud of scalding steam.
* * * LOW HITPOINT WARNING * * *
The helpless steam dragon fails to defend itself.
You bite the steam dragon, and draw its blood!
You feel better.
You impale the steam dragon!!
You kill the steam dragon!
You are engulfed in a cloud of scalding steam.
You die...

Skill      XL: |  1  2  3  4  5 |
---------------+----------------+-----
Short Blades   | 2 |  2.9
Stealth        | 5 |  5.9
Hexes          | 5 |  5.8
Dodging        | 3 |  3.5
Spellcasting   | 3 |  3.0

Action                   |  1- 3 |  4- 6 || total
-------------------------+-------+-------++-------
Melee: Dagger            |    51 |    85 ||   136
       Bite              |     5 |     8 ||    13
       Punch             |     1 |       ||     1
 Cast: Ensorcelled Hiber |     4 |    24 ||    28
       Confusing Touch   |     2 |     6 ||     8
       Tukima's Dance    |       |     1 ||     1
 Abil: Exsanguinate      |     1 |       ||     1
  Use: Scroll            |       |     4 ||     4
 Stab: Sleeping          |    11 |    37 ||    48
       Confused          |     2 |     2 ||     4
Armor: Robe              |     4 |     4 ||     8
Dodge: Dodged            |    23 |    23 ||    46

Levels and vault maps discovered:
D:1:      amcnicky_arrival_underground_garden, layout_basic
D:2:      layout_loops_ring, serial_shops, nicolae_square_shop,
          serial_park_tiny_pond, chequers_hall_statues_y
D:3:      layout_basic, basic_ecumenical_altar, hangedman_feature_mirror
D:4:      layout_loops_ring, kennysheep_little_box,
          lemuel_coloured_pillars_altar
D:5:      layout_basic, temple_fountains, grunt_ministairs_15

Notes
Turn   | Place    | Note
-------+----------+-------------------------------------------
     0 | D:1      | infcreate the Vampire Enchanter began the quest for the
                  | Orb.
     0 | D:1      | Reached XP level 1. HP: 13/13 MP: 3/3
   480 | D:1      | Reached XP level 2. HP: 15/15 MP: 5/5
   485 | D:1      | Learned a level 2 spell: Ensorcelled Hibernation
   773 | D:2      | Gained mutation: You are afflicted with vampirism and can
                  | become a bat while bloodless. [Vampire growth]
   773 | D:2      | Reached XP level 3. HP: 19/19 MP: 6/6
   847 | D:2      | Found Geilesh's Antique Armour Shoppe.
   863 | D:2      | Learned a level 3 spell: Confusing Touch
   975 | D:2      | Reached skill level 2 in Short Blades
   975 | D:2      | Reached skill level 5 in Stealth
  1103 | D:2      | Reached skill level 5 in Hexes
  1122 | D:2      | Reached XP level 4. HP: 15/24 MP: 4/7
  1326 | D:2      | Reached skill level 3 in Dodging
  2681 | D:3      | Found a faded altar of an unknown god.
  2788 | D:3      | Reached XP level 5. HP: 28/28 MP: 9/9
  2792 | D:3      | Learned a level 3 spell: Tukima's Dance
  3628 | D:4      | Found a sacrificial altar of Ru.
  3854 | D:4      | Found a blossoming altar of Fedhas.
  3901 | D:5      | Entered Level 5 of the Dungeon
  3901 | D:5      | Noticed a phantom
  3983 | D:5      | Noticed a steam dragon
  4010 | D:4      | Reached skill level 3 in Spellcasting
  4211 | D:4      | HP: 2/28 [steam dragon] (8)]
  4212 | D:4      | Killed a steam dragon
  4212 | D:4      | Engulfed by a cloud of steam

Vanquished Creatures
  A steam dragon (D:4)
  3 iguanas
  A hound skeleton (D:2)
  2 gnolls
  6 adders
  An adder skeleton (D:4)
  2 worms
  A dart slug (D:1)
  5 orcs
  6 endoplasms
  2 giant cockroaches
  6 goblins
  6 hobgoblins
  A quokka (D:1)
  5 ball pythons
  5 bats
  2 frilled lizards
  6 kobolds
  A rat (D:2)
62 creatures vanquished.

Vanquished Creatures (others)
  A dancing weapon (D:4)
1 creature vanquished.

Grand Total: 63 creatures vanquished

Table legend: (Time is in decaauts)
 A = Elapsed time spent in this place.
 B = Non-inter-level travel time spent in this place.
 C = Inter-level travel time spent in this place.
 D = Time resting spent in this place.
 E = Time spent auto-exploring this place.
 F = Levels seen in this place.
 G = Mean time per level.
                   A        B        C        D        E       F      G
               +--------+--------+--------+--------+--------+-----+--------+
         Total |   4202 |   4011 |    191 |    661 |   2644 |   5 |  840.4 |
       Dungeon |   4202 |   4011 |    191 |    661 |   2644 |   5 |  840.4 |
               +--------+--------+--------+--------+--------+-----+--------+

Top non-repeatable levels by time:
     D:2: 1213 daAuts
     D:4: 1188 daAuts
     D:3: 1000 daAuts
     D:1: 769 daAuts
     D:5: 31 daAuts

Table legend:
 A = Non-vault XP
 B = Vault XP
 C = Vault XP percentage of total XP
 D = Non-vault monster count
 E = Vault monster count
 F = Vault count percentage of total count
                 A         B        C        D         E       F
            +---------+---------+-------+---------+---------+-------
      Total |     532 |       0 |   0.0 |      62 |       0 |   0.0
            +---------+---------+-------+---------+---------+-------
        D:1 |      30 |       0 |   0.0 |       9 |       0 |   0.0
        D:2 |     109 |       0 |   0.0 |      22 |       0 |   0.0
        D:3 |      66 |       0 |   0.0 |      16 |       0 |   0.0
        D:4 |     327 |       0 |   0.0 |      15 |       0 |   0.0
            +---------+---------+-------+---------+---------+-------
